Map: Solaris LE

Players

METATRÓN

  • Race: Terran Terran
  • League: Diamond
  • Spawn Location: 7:00

DarkHorse - Winner!

  • Race: Zerg Zerg
  • Spawn Location: 1:00

VOD

Have the link to the VOD?

Description

Time

  • Played on: March 13, 2024, 10:13 p.m.
  • Length: 12:46
Show
View Real Time Build Order
Export as new Build Order

METATRÓN Terran 

Build Orders: Gas First Reaper Expand, Hellion Banshee, Mech 

Get SALT Encoding   

  12  0:03  SCV  
  13  0:15  SCV  
  13  0:20  Supply Depot  
  14  0:28  SCV  
  15  0:35  Refinery  
  15  0:41  SCV  
  16  0:46  Barracks  
  16  0:53  SCV  
  17  1:05  SCV  
  18  1:17  SCV  
  19  1:36  Orbital Command  
  19  1:37  Reaper  
  20  1:47  Command Center  
  20  2:02  SCV  
  20  2:04  Factory  
  21  2:12  Refinery  
  21  2:15  SCV  
  22  2:19  Barracks Reactor  
  22  2:26  Supply Depot  
  22  2:27  SCV  
  23  2:48  SCV  
  24  2:54  Starport  
  23  3:00  SCV  
  23  3:03  Orbital Command  
  24  3:06  Hellion x2  
  24  3:12  SCV  
  29  3:21  Barracks Tech Lab  
  29  3:26  SCV  
  30  3:30  Hellion x2  
  30  3:31  SCV  
  35  3:45  SCV x2  
  31  3:56  Hellion x2  
  32  4:07  SCV x2  
  33  4:13  Banshee  
  36  4:21  Hellion x2  
  41  4:38  SCV x2  
  42  4:46  Hellion  
  42  4:47  Hellion  
  46  4:57  Supply Depot  
  46  5:02  Cloaking Field  
  46  5:19  Banshee, SCV x2  
  46  5:21  Command Center  
  51  5:31  SCV  
  52  5:38  Factory  
  52  5:39  Factory, SCV  
  52  5:40  Refinery x2  
  53  5:43  SCV  
  54  6:21  Supply Depot  
  54  6:22  Supply Depot  
  54  6:27  Factory Tech Lab  
  54  6:28  Factory Tech Lab  
  54  6:32  Banshee, Hellion x2, SCV x2  
  63  6:43  Factory, Supply Depot  
  63  6:44  Factory  
  63  6:45  Supply Depot  
  63  6:46  Engineering Bay  
  63  6:47  Orbital Command  
  63  6:49  SCV x2, Hyperflight Rotors  
  63  6:53  Siege Tank x2  
  71  6:54  Infernal Pre-Igniter  
  71  7:06  Armory  
  71  7:12  SCV x2  
  71  7:13  SCV  
  71  7:15  Banshee  
  77  7:20  Hurricane Engines  
  77  7:24  SCV  
  77  7:25  SCV  
  79  7:32  Factory Tech Lab x2  
  79  7:42  Siege Tank x2  
  79  7:43  Command Center  
  85  7:46  SCV x2  
  87  7:52  Orbital Command, Widow Mine x2  
  87  7:55  Terran Vehicle Weapons Level 1  
  87  7:58  Missile Turret  
  91  8:00  Missile Turret  
  91  8:09  Viking  
  93  8:18  SCV x3  
  88  8:30  SCV x3  
  83  8:40  Cyclone x3  
  83  8:41  Cyclone x3  
  88  8:42  SCV  
  89  8:49  Missile Turret  
  84  9:07  Viking  
  86  9:11  SCV  
  86  9:12  Cyclone, SCV  
  86  9:15  Orbital Command  
  89  9:18  Cyclone x2  
  89  9:19  Cyclone x3  
  99  9:42  Supply Depot  
  99  9:43  Command Center  
  99  9:44  Supply Depot  
  99  9:48  Armory  
  99  9:50  Hi-Sec Auto Tracking  
  99  10:03  Thor  
  99  10:05  Thor  
  111  10:09  Supply Depot  
  111  10:11  Supply Depot  
  111  10:16  Orbital Command  
  111  10:23  SCV  
  112  10:32  Command Center  
  112  10:41  Siege Tank x2  
  119  10:42  SCV  
  119  10:43  SCV x2  
  121  10:53  Starport  
  121  10:55  Missile Turret, SCV x3  
  121  10:56  Supply Depot  
  124  10:58  Supply Depot  
  124  11:07  SCV x4  
  124  11:08  Missile Turret  
  128  11:12  Missile Turret  
  128  11:15  Smart Servos  
  128  11:19  SCV x3  
  128  11:20  SCV  
  128  11:21  Refinery  
  132  11:25  Refinery  
  132  11:29  Missile Turret  
  132  11:31  SCV x2  
  134  11:38  Starport Tech Lab, Supply Depot  
  134  11:39  Supply Depot  
  134  11:41  Supply Depot  
  134  11:42  Siege Tank x3  
  134  11:44  Supply Depot  
  143  11:49  Missile Turret  
  143  11:57  Thor  
  149  12:06  Supply Depot  
  149  12:07  Supply Depot  
  148  12:20  Supply Depot  
Show
View Real Time Build Order
Export as new Build Order

DarkHorse Zerg - Winner!

Build Orders: Hatch First 

Get SALT Encoding   

  12  0:00  Drone  
  13  0:13  Overlord  
  13  0:17  Drone  
  14  0:31  Drone x2  
  14  0:34  Drone  
  17  0:52  Hatchery  
  17  0:55  Drone  
  17  0:59  Drone  
  18  1:09  Extractor  
  17  1:14  Spawning Pool  
  17  1:16  Drone  
  17  1:20  Drone  
  18  1:29  Drone  
  19  1:41  Overlord  
  19  1:49  Drone  
  20  2:01  Zergling x2, Queen  
  20  2:04  Queen  
  20  2:05  Zergling x2  
  26  2:15  Drone x2  
  28  2:21  Metabolic Boost  
  28  2:32  Drone x2  
  30  2:38  Hatchery  
  30  2:42  Extractor  
  29  2:58  Zergling x10  
  32  3:00  Drone  
  35  3:10  Overlord  
  36  3:27  Drone  
  36  3:28  Queen x2  
  36  3:29  Drone  
  36  3:31  Drone x3  
  42  3:55  Drone x7  
  50  4:10  Drone x2  
  47  4:24  Zergling x4  
  47  4:25  Zergling x2  
  47  4:26  Overlord x3  
  47  4:28  Lair  
  49  4:44  Zergling x2  
  49  4:45  Zergling x2  
  51  4:46  Zergling x4  
  51  4:47  Zergling x4  
  51  4:48  Drone x2  
  57  4:57  Extractor  
  57  4:59  Drone  
  57  5:01  Extractor  
  57  5:02  Extractor  
  57  5:05  Drone x5  
  60  5:09  Drone x2  
  62  5:14  Drone x3  
  62  5:18  Drone  
  66  5:22  Drone  
  66  5:25  Drone  
  66  5:26  Drone  
  69  5:30  Drone x2  
  69  5:34  Spore Crawler  
  70  5:36  Zergling x8, Spire  
  70  5:40  Spore Crawler  
  70  5:41  Overseer  
  72  5:43  Pneumatized Carapace  
  72  5:44  Drone  
  72  5:49  Drone  
  74  5:50  Baneling Nest  
  62  6:10  Drone x12  
  62  6:11  Spine Crawler  
  73  6:18  Spine Crawler  
  73  6:22  Drone x2  
  74  6:25  Spore Crawler  
  74  6:31  Overlord  
  74  6:32  Overlord x3  
  73  6:38  Extractor x2  
  71  6:41  Drone x3  
  71  6:44  Overlord x2  
  71  6:45  Overlord  
  74  6:48  Hatchery  
  74  6:50  Drone  
  74  6:54  Drone x3  
  74  6:55  Drone  
  74  6:57  Baneling x2  
  74  6:58  Baneling x3  
  78  7:02  Mutalisk x2  
  82  7:10  Mutalisk x5  
  82  7:11  Mutalisk  
  94  7:18  Evolution Chamber  
  94  7:19  Drone x3  
  94  7:21  Drone x2  
  94  7:22  Drone, Infestation Pit  
  98  7:23  Evolution Chamber  
  98  7:29  Mutalisk x2  
  101  7:40  Mutalisk  
  104  7:44  Zergling x16  
  104  7:50  Zerg Ground Armor Level 1  
  111  8:00  Spine Crawler  
  111  8:03  Mutalisk  
  111  8:04  Mutalisk x2  
  115  8:13  Overseer  
  115  8:14  Mutalisk  
  104  8:29  Mutalisk  
  104  8:30  Zergling x24  
  114  8:47  Mutalisk x4  
  122  8:53  Hive  
  121  8:56  Drone x5  
  121  8:57  Drone x3  
  129  9:25  Drone x7  
  129  9:30  Extractor  
  135  9:34  Extractor  
  135  9:35  Zerg Melee Weapons Level 1  
  134  9:40  Hatchery  
  134  9:43  Drone x2  
  134  9:44  Drone  
  136  10:00  Zerg Ground Armor Level 2  
  136  10:06  Ultralisk Cavern  
  135  10:07  Overlord x3  
  135  10:08  Overlord x2  
  135  10:15  Zerg Flyer Armor Level 1  
  134  10:53  Chitinous Plating  
  134  10:55  Ultralisk x7  
  176  10:58  Overlord  
  176  10:59  Overlord x2  
  176  11:04  Adrenal Glands  
  176  11:05  Zergling x6  
  176  11:06  Zergling x4  
  181  11:16  Spine Crawler  
  180  11:20  Spine Crawler  
  180  11:24  Ultralisk x2  
  191  12:04  Ultralisk  
  197  12:12  Drone  
  186  12:22  Extractor  
  186  12:24  Extractor  
Tags
 
Add a new tag
Caveats
  • Supply blocks, unpowered buildings, or Contaminate may cause inaccurate times.
  • Supply counts are checked every 10 seconds.